AoeStats
← DgoUSA

MegaRandom

509787808Analyzed
4v4 RM · 3d ago on Sep 28, 2026· 55m 6s· 8 players
Game mode
Random Map
Map size
Large (8 player)
Population
200
Speed
Normal
Resources
Standard
Victory
Conquest
Starting age
Dark Age
Ending age
Imperial Age
RankedLock teamsTeams togetherTeam positionsShared explorationLock speedFull tech treeHidden civsTurbo modeCheats
Victory
Defeat
🇺🇸 Aztecs · United States
960
+12
🇬🇧 Danes · United Kingdom
927
+13
🇲🇽 Maya · Mexico
890
+15
🇹🇷 Wu · Türkiye
847
+17
🇨🇴 Romans · Colombia
941
-17
🇨🇴 Sicilians · Colombia
882
-15
🇨🇱 Franks · Chile
864
-14
🇨🇱 Britons · Chile
785
-11
D4nielSDH
0:31 Loom
12:31 Feudal Age
13:49 Wheelbarrow
13:02 Double-Bit Axe
13:00 Horse Collar
19:36 Padded Archer Armor
21:06 Fletching
26:22 Forging
26:13 Scale Mail Armor
26:07 Arson
28:50 Castle Age
27:33 Gold Mining
27:38 Stone Mining
28:59 Crossbowman
29:47 Thumb Ring
29:48 Bodkin Arrow
30:49 Eagle Warrior
33:09 Pikeman
55:53 Iron Casting
Jared G
7:25 Loom
13:59 Feudal Age
14:26 Fishing Lines
14:52 Double-Bit Axe
20:22 Castle Age
21:38 Wheelbarrow
21:51 Bow Saw
27:07 Horse Collar
27:51 Hand Cart
28:01 Gold Mining
29:09 Gillnets
33:01 Imperial Age
30:20 Town Watch
30:38 Heavy Plow
31:20 Gold Shaft Mining
32:49 Squires
32:19 Pikeman
33:31 Forging
33:22 Scale Mail Armor
33:13 Fletching
33:17 Eagle Warrior
33:42 Arson
34:32 Garland Wars
34:57 Conscription
34:23 Elite Eagle Warrior
35:44 Iron Casting
35:25 Chain Mail Armor
38:52 Blast Furnace
38:23 Plate Mail Armor
37:49 Elite Jaguar Warrior
39:19 Crop Rotation
41:02 Murder Holes
41:29 Ballistics
42:09 Chemistry
47:10 Town Patrol
48:53 Treadmill Crane
49:19 Siege Engineers
50:48 Stone Mining
PibblesMcGhee
10:30 Feudal Age
10:56 Loom
15:00 Bloodlines
23:21 Castle Age
21:13 Double-Bit Axe
21:10 Horse Collar
21:22 Gold Mining
22:17 Forging
22:08 Scale Mail Armor
25:28 Fletching
26:34 Fishing Lines
27:24 Chain Mail Armor
28:22 Squires
29:40 Wheelbarrow
29:43 Bodkin Arrow
31:39 Padded Archer Armor
33:52 Iron Casting
34:15 Hand Cart
38:20 Thumb Ring
44:47 Imperial Age
42:43 Leather Archer Armor
42:56 Bow Saw
43:23 Heavy Plow
44:06 Gillnets
46:08 Stone Mining
45:57 Cranequins
46:08 Heavy Mounted Crossbowman
47:21 Ballistics
48:01 Chemistry
49:15 Bracer
49:31 Masonry
51:06 Conscription
53:03 Hoardings
Mr. KEK
0:33 Loom
11:57 Feudal Age
13:34 Fishing Lines
15:50 Horse Collar
16:21 Double-Bit Axe
17:57 Wheelbarrow
19:22 Fletching
22:45 Castle Age
24:15 Hand Cart
25:35 Heavy Plow
34:27 Bodkin Arrow
34:33 Padded Archer Armor
35:16 Elite Skirmisher
36:56 Red Cliffs Tactics
37:14 Red Cliffs Tactics
37:42 Bow Saw
39:09 Squires
38:32 Pikeman
39:48 Ballistics
39:24 Murder Holes
41:07 Treadmill Crane
44:28 Imperial Age
41:46 Town Watch
44:39 Leather Archer Armor
46:42 Chemistry
46:28 Elite Fire Archer
47:32 Conscription
48:10 Bracer
DgoUSA
6:32 Loom
9:36 Feudal Age
11:09 Man-at-Arms
13:06 Double-Bit Axe
20:00 Wheelbarrow
24:00 Castle Age
22:02 Horse Collar
24:20 Scale Mail Armor
24:46 Gold Mining
24:29 Long Swordsman
25:38 Bow Saw
29:24 Chain Mail Armor
37:23 Hand Cart
36:54 Town Watch
37:56 Forging
43:54 Imperial Age
wowmiqui
2:51 Loom
11:44 Feudal Age
13:09 Double-Bit Axe
21:59 Castle Age
22:05 Forging
30:25 Crossbowman
31:29 Husbandry
35:01 Scale Barding Armor
35:32 Iron Casting
37:42 Gold Mining
37:43 Stone Mining
41:13 Wheelbarrow
40:24 Town Watch
41:22 Fletching
41:33 Padded Archer Armor
44:43 Hand Cart
44:45 Bodkin Arrow
45:06 Leather Archer Armor
46:48 Gold Shaft Mining
47:35 Fishing Lines
49:58 Chain Barding Armor
53:27 Imperial Age
50:38 Light Cavalry
oswuil123
14:28 Feudal Age
14:49 Man-at-Arms
18:03 Horse Collar
18:29 Double-Bit Axe
20:50 Loom
23:58 Gold Mining
26:11 Wheelbarrow
29:49 Scale Mail Armor
29:59 Forging
32:04 Castle Age
32:53 Heavy Plow
33:36 Pikeman
40:24 Bow Saw
39:46 Long Swordsman
41:04 Husbandry
41:21 Gambesons
44:39 Chain Mail Armor
45:06 Gold Shaft Mining
45:09 Squires
46:00 Wheelbarrow
48:57 First Crusade
50:28 Padded Archer Armor
Tiienty
8:06 Loom
11:37 Feudal Age
12:11 Double-Bit Axe
13:42 Horse Collar
19:37 Gold Mining
22:13 Castle Age
23:20 Heavy Plow
23:35 Bow Saw
24:03 Gold Shaft Mining
24:46 Wheelbarrow
26:47 Crossbowman
28:34 Ballistics
28:10 Fletching
29:20 Stone Mining
30:27 Padded Archer Armor
32:17 Bodkin Arrow
33:52 Husbandry
37:22 Imperial Age
36:28 Leather Archer Armor
39:23 Two-Man Saw
39:35 Chemistry
39:41 Cranequins
40:19 Fishing Lines
41:31 Yeomen
41:52 Heavy Mounted Crossbowman
43:31 Bracer
45:09 Ring Archer Armor
44:45 Scale Barding Armor
Connection lost

Rejoining the realm…

Still unreachable

The connection could not be restored.

Session expired

The server has moved on; the page needs a fresh start.